 Dungeon Crawl Stone Soup version 0.20.0-15-g7f486f2 (webtiles) character file.

53 renl the Digger (level 3, -1/19 HPs)
             Began as a Gargoyle Earth Elementalist on July 8, 2017.
             Splashed by a jelly's acid (8 damage)
             ... on level 2 of the Dungeon.
             The game lasted 00:10:25 (1349 turns).

renl the Digger (Gargoyle Earth Elementalist)       Turns: 1349, Time: 00:10:26

Health: -1/19      AC:  2    Str: 11    XL:     3   Next: 87%
Magic:  1/2        EV: 12    Int: 16    God:
Gold:   125        SH:  0    Dex: 10    Spells: 3/7 levels left

rFire    . . .     SeeInvis .   i - +1 spear (antimagic)
rCold    . . .     Gourm    .   (no shield)
rNeg     + . .     Faith    .   c - +0 robe
rPois    ∞         Spirit   .   (no helmet)
rElec    +         Reflect  .   (no cloak)
rCorr    .         Harm     .   (no gloves)
MR       .....                  l - +0 pair of boots
Stlth    ++........             (no amulet)
Regen    0.1/turn               (no ring)
MPRegen  0.1/turn               (no ring)

@: corroded
A: negative energy resistance 1, electricity resistance, unbreathing,
petrification resistance, rot immunity, AC +3
a: no special abilities


You were on level 2 of the Dungeon.
You were not hungry.

You visited 1 branch of the dungeon, and saw 3 of its levels.

You collected 125 gold pieces.

Inventory:

Hand Weapons
 h - a +0 club
 i - a +1 antimagic spear (weapon)
Missiles
 b - 40 stones (quivered)
Armour
 c - a +0 robe (worn)
 l - a +0 pair of boots (worn)
Scrolls
 p - a scroll of identify
Potions
 g - a potion of berserk rage {unknown}
 m - 2 potions of curing
 o - a potion of invisibility {unknown}
Books
 e - a book of Geomancy

   Spells                             Type                      Level
   a - Sandblast                      Earth                        1
   b - Passwall                       Transmutation/Earth          2
   c - Stone Arrow                    Conjuration/Earth            3
   d - Petrify                        Transmutation/Earth          4
   e - Lee's Rapid Deconstruction     Earth                        5
Comestibles
 a - a royal jelly
 d - 4 bread rations
 k - 8 fruits
 q - a meat ration


   Skills:
 + Level 0.2 Fighting
 + Level 2.0 Dodging
 - Level 2.1 Stealth
 + Level 2.7 Spellcasting
   Level 0.7 Transmutations
 + Level 4.5 Earth Magic


You had 3 spell levels left.
You knew the following spells:

 Your Spells              Type           Power        Failure   Level  Hunger
a - Sandblast             Erth           ###...       3%          1    #......
b - Stone Arrow           Conj/Erth      #.....       22%         3    ###....


Dungeon Overview and Level Annotations

Branches:
Dungeon (3/15)

Altars:
Fedhas
The Shining One


Innate Abilities, Weirdness & Mutations

You are resistant to torment.
Your stone body is resilient. (AC +3)
You are immune to poison.
You resist negative energy. (rN+)
You are resistant to electric shocks. (rElec)
You can survive without breathing.
You are immune to petrification.
You are immune to rotting.


Message History

You hit the jelly.
Your hands burn!
The jelly is moderately wounded.
The jelly barely misses you.
Press: ? - help, v - describe, . - travel
Here: a jelly (moderately wounded)
The floor.
Unknown command.
You hit the jelly. The acid corrodes you!
Your hands burn!
The jelly is heavily wounded.
The jelly closely misses you.
Casting: Sandblast
Confirm with . or Enter, or press ? or * to list all spells.
Aiming: Sandblast
Press: ? - help, Shift-Dir - straight line, f/p - jelly
Aim: a jelly (heavily wounded)
The blast of sand hits the jelly.
The jelly is almost dead.
b - 40 stones The jelly hits you.
You are splashed with acid!
The acid burns!
You die...

# ######## #.
.##......##### #.
#.#.......##.####.
#.#.....(..'.##...
#.#........'..#.#.
#J#'#......'....#.
#@#.#.....##.##.#.
#.#.#....######...
##.####### #).)...
### #.#....
#.#.##. #...##.
#######


You could see a jelly.

Vanquished Creatures
  2 adders (D:2)
  A dart slug (D:2)
  2 leopard geckos
  2 giant cockroaches (D:1)
  4 hobgoblins (D:1)
  A jackal (D:2)
  9 kobolds
  4 bats
  3 goblins
28 creatures vanquished.

Vanquished Creatures (others)
  6 toadstools (D:2)
6 creatures vanquished.

Grand Total: 34 creatures vanquished

Notes
Turn   | Place    | Note
-------+----------+-------------------------------------------
     0 | D:1      | renl the Gargoyle Earth Elementalist began the quest for the Orb.
     0 | D:1      | Reached XP level 1. HP: 10/10 MP: 3/3
   298 | D:1      | Reached XP level 2. HP: 14/15 MP: 5/5
   316 | D:1      | Reached skill level 4 in Earth Magic
   985 | D:2      | Found a blossoming altar of Fedhas.
  1001 | D:2      | Reached XP level 3. HP: 7/19 MP: 3/6
  1044 | D:2      | Learned a level 3 spell: Stone Arrow
  1174 | D:3      | Found a glowing golden altar of the Shining One.
  1349 | D:2      | Splashed by a jelly's acid

Skill      XL: |  1  2  3 |
---------------+----------+-----
Earth Magic    | 4 |  4.5
Dodging        | 2 |  2.0
Fighting       | |  0.2
Stealth        | |  2.1
Spellcasting   | |  2.7
Transmutations | |  0.7

Action                   || total
-------------------------++-------
Melee: Unarmed           ||    26
       Short sword       ||    36
       Spear             ||    41
 Cast: Sandblast         ||    18
  Use: Scroll            ||     2
 Stab: Sleeping          ||     3
  Eat: Chunk             ||     2
Armor: Robe              ||    40
Dodge: Dodged            ||    84
